[Event "Titled Tuesday Blitz July 4 Early 2023"]
[White "Pap, Gyula"]
[Black "Ahmad, Khagan"]
[WhiteFideId "725323"]
[BlackFideId "13431552"]
[WhiteElo "2856"]
[BlackElo "2648"]
[Result "0-1"]
[Round "5"]
[TimeControl "180+2"]
[Date "2023.07.04"]
[WhiteClock "0:00:01"]
[BlackClock "0:00:04"]
[Board "36"]

1. d4 Nf6 2. c4 e6 3. Nc3 Bb4 4. Qb3 c5 5. dxc5 Bxc5 6. Nf3 O-O 7. Bg5 Nc6 8. e3 h6 9. Bh4 Be7 10. Be2 d5 11. cxd5 Nxd5 12. Bxe7 Ncxe7 13. Nxd5 Nxd5 14. O-O b6 15. Rfd1 Qe7 16. Ne5 Bb7 17. Bf3 Rfd8 18. a4 Qf6 19. Nc4 Rac8 20. a5 Ba6 21. Rd4 Bxc4 22. Rxc4 Rxc4 23. Qxc4 Qxb2 24. Qf1 b5 25. Rb1 Qd2 26. Rxb5 Nc3 27. Rb7 a6 28. Qxa6 Na4 29. Rb1 Nc5 30. Qb6 Na4 31. Qb4 Nc3 32. a6 Nxb1 33. Qxb1 Qa5 34. Be2 Ra8 35. Qb7 Rd8 36. a7 Rd1+ 37. Bf1 Ra1 38. Qc8+ Kh7 39. Qc2+ g6 40. g3 Qxa7 41. Qe2 Qa8 42. h4 h5 43. Kh2 Ra2 44. Qe1 Qf3 45. Kg1 Kg7 46. Bg2 Qe2 47. Qc3+ Kh7 48. Qf6 Kg8 49. Qd8+ Kg7 50. Qd4+ Kh7 51. Qf6 Qe1+ 52. Bf1 Ra7 53. Kg2 Qa5 54. Be2 Qf5 55. Qb2 Rd7 56. Bf3 Qd3 57. Bc6 Rc7 58. Bf3 Qf5 59. Qe2 e5 60. Bd5 Qf6 61. Be4 Kg7 62. Qd3 Ra7 63. Qc4 Ra1 64. Bc2 Rc1 65. Qd3 Qc6+ 66. Qe4 Rxc2 0-1


[Site "https://www.chess.com"]

[Event "Titled Tuesday Blitz July 4 Early 2023"]
[White "Samadov, Read"]
[Black "Martinez Ramirez, Lennis"]
[WhiteFideId "13417444"]
[BlackFideId "3509079"]
[WhiteElo "2853"]
[BlackElo "2643"]
[Result "1-0"]
[Round "5"]
[TimeControl "180+2"]
[Date "2023.07.04"]
[WhiteClock "0:00:08"]
[BlackClock "0:00:06"]
[Board "37"]

1. c4 e5 2. Nc3 Nf6 3. Nf3 Nc6 4. e4 Bb4 5. d3 d6 6. a3 Bc5 7. b4 Bb6 8. Na4 Bd4 9. Rb1 Bg4 10. Be2 Bxf3 11. Bxf3 a6 12. O-O b5 13. Nb2 O-O 14. Bd2 Ne7 15. a4 c6 16. Qc2 h6 17. Nd1 Nh7 18. Ne3 Ng5 19. Be2 Ne6 20. g3 f5 21. Nxf5 Nxf5 22. exf5 Rxf5 23. Bg4 Rf6 24. cxb5 cxb5 25. axb5 axb5 26. Qc6 Rb8 27. Rbc1 Kh8 28. h4 Nf4 29. Bxf4 exf4 30. Qd5 Qb6 31. Rc6 Qa7 32. Kg2 fxg3 33. fxg3 Rxf1 34. Kxf1 Qa1+ 35. Kg2 Qg1+ 36. Kh3 Be5 37. Qf3 g6 38. Bd7 h5 39. Rc2 Kg7 40. Rf2 Kh8 41. Bc6 Bg7 42. Qe3 Qb1 43. Be4 Qxb4 44. Qg5 Qc5 45. Qxg6 Qxf2 46. Qh7# 1-0


[Site "https://www.chess.com"]

[Event "Titled Tuesday Blitz July 4 Early 2023"]
[White "benny_aizenberg"]
[Black "Kantor, Gergely"]
[BlackFideId "751499"]
[WhiteElo "2633"]
[BlackElo "2840"]
[Result "1-0"]
[Round "5"]
[TimeControl "180+2"]
[Date "2023.07.04"]
[WhiteClock "0:00:19"]
[BlackClock "0:00:00"]
[Board "38"]

1. c4 Nc6 2. d4 e5 3. d5 Bb4+ 4. Nd2 Nce7 5. e4 d6 6. Qa4+ c6 7. Qxb4 c5 8. Qc3 Nf6 9. Bd3 Ng6 10. Ne2 O-O 11. O-O Nh5 12. g3 Bh3 13. Re1 h6 14. Nf1 Ne7 15. Kh1 f5 16. Ng1 Bxf1 17. Rxf1 f4 18. Be2 Qe8 19. Bxh5 Qxh5 20. Qf3 Qg6 21. gxf4 exf4 22. Nh3 Qf6 23. Qxf4 Qg6 24. Qe3 Rae8 25. Nf4 Qf6 26. Ne6 Rf7 27. f4 Ng6 28. Bd2 Qxb2 29. Bc3 Qa3 30. Rg1 Kh7 31. Rg3 Ree7 32. Rag1 Nh4 33. Bxg7 Qxe3 34. Rxe3 Rxe6 35. dxe6 Rxg7 36. Rxg7+ Kxg7 37. f5 Kf6 38. Rh3 1-0


[Site "https://www.chess.com"]

[Event "Titled Tuesday Blitz July 4 Early 2023"]
[White "Jaskolka, Tomasz"]
[Black "Beerdsen, Thomas"]
[WhiteFideId "1170791"]
[BlackFideId "1030108"]
[WhiteElo "2619"]
[BlackElo "2832"]
[Result "0-1"]
[Round "5"]
[TimeControl "180+2"]
[Date "2023.07.04"]
[WhiteClock "0:00:04"]
[BlackClock "0:00:46"]
[Board "39"]

1. d4 Nf6 2. Nc3 e6 3. Bf4 Bb4 4. e3 c5 5. Nf3 Nd5 6. Qd2 Qa5 7. a3 Nxc3 8. Rc1 Ne4 9. axb4 cxb4 10. Qd3 d5 11. Be2 O-O 12. O-O Nc6 13. Nd2 Nxd2 14. Qxd2 Bd7 15. Bd3 Rfe8 16. Qe2 e5 17. dxe5 Nxe5 18. Bxh7+ Kxh7 19. Qh5+ Kg8 20. Bxe5 d4 21. exd4 f6 22. f4 fxe5 23. fxe5 Qd5 24. c3 Bc6 25. Rc2 bxc3 26. bxc3 Rf8 27. Re1 Rf4 28. Qg5 Raf8 29. h4 Qe6 30. h5 Rg4 31. Qe3 Qd5 32. Qh3 Rg5 33. h6 gxh6 34. Re3 Kh7 35. Rg3 Rxg3 36. Qxg3 Rg8 37. Qh3 a5 38. Rf2 a4 39. Qf5+ Rg6 40. c4 Qxc4 41. e6 Qxe6 42. Qf8 Qe1+ 43. Kh2 Qxf2 44. Qxf2 Rxg2+ 45. Qxg2 Bxg2 46. Kxg2 a3 47. d5 a2 48. d6 0-1


[Site "https://www.chess.com"]

[Event "Titled Tuesday Blitz July 4 Early 2023"]
[White "Harshavardhan G B"]
[Black "Fisher_TheGalactic"]
[WhiteFideId "25059009"]
[WhiteElo "2830"]
[BlackElo "2618"]
[Result "1-0"]
[Round "5"]
[TimeControl "180+2"]
[Date "2023.07.04"]
[WhiteClock "0:00:37"]
[BlackClock "0:00:00"]
[Board "40"]

1. e4 b6 2. d4 Bb7 3. Bd3 Nf6 4. Nd2 e6 5. Ngf3 d5 6. e5 Nfd7 7. Qe2 c5 8. c3 Nc6 9. O-O cxd4 10. cxd4 Nb4 11. Bb5 a6 12. Ba4 b5 13. Bb3 Be7 14. Ne1 Nc6 15. Qe3 Nb6 16. f4 Nc4 17. Qf2 Qb6 18. Nef3 a5 19. a4 Nxd2 20. Bxd2 bxa4 21. Bxa4 O-O 22. Bc3 Ba6 23. Rfd1 Nb4 24. Ne1 Bb5 25. f5 Bxa4 26. Rxa4 exf5 27. Qxf5 Qe6 28. Qxe6 fxe6 29. Rda1 Nc6 30. Nf3 Rfb8 31. h4 h6 32. h5 Kf7 33. g4 Ke8 34. Kg2 Kd7 35. Kg3 Rb3 36. Nd2 Rbb8 37. Rf1 Rf8 38. Rxf8 Bxf8 39. Nf3 Be7 40. Nd2 Kc7 41. Ra1 a4 42. Nf3 Kd7 43. Nh4 Bxh4+ 44. Kxh4 Ne7 45. Kg3 Kc6 46. Bb4 Nc8 47. Rc1+ Kb5 48. Ba3 Nb6 49. Rc5+ Ka6 50. Rc6 Kb5 51. Rxe6 Nc4 52. Re7 Nxa3 53. bxa3 Kc4 54. Rxg7 Kxd4 55. Rg6 Re8 56. Rxh6 Kxe5 57. Ra6 d4 58. Rxa4 d3 59. Kf2 Rc8 60. Ke3 Rd8 61. Kd2 1-0


[Site "https://www.chess.com"]

[Event "Titled Tuesday Blitz July 4 Early 2023"]
[White "Filgueira, Hernan"]
[Black "demon64fields"]
[WhiteFideId "101770"]
[WhiteElo "2608"]
[BlackElo "2820"]
[Result "1-0"]
[Round "5"]
[TimeControl "180+2"]
[Date "2023.07.04"]
[WhiteClock "0:00:15"]
[BlackClock "0:01:08"]
[Board "41"]

1. e4 e6 2. d4 d5 3. Nd2 c5 4. exd5 exd5 5. Ngf3 Nc6 6. Bb5 Bd6 7. dxc5 Bxc5 8. O-O Ne7 9. Nb3 Bb6 10. Re1 O-O 11. Be3 Bf5 12. c3 Be4 13. Bxb6 Qxb6 14. Bd3 f5 15. Bf1 a5 16. a4 Bxf3 17. gxf3 Rad8 18. Re6 Ng6 19. Bb5 Nf4 20. Re3 Na7 21. Qd4 Qg6+ 22. Kf1 Qg2+ 23. Ke1 Qg1+ 24. Kd2 Qxf2+ 25. Be2 Ng2 26. Re7 Qxd4+ 27. Nxd4 Nc6 28. Nxc6 bxc6 29. Rg1 Rb8 30. Rxg2 g6 31. Kc2 Rf7 32. Re6 Rb6 33. c4 Rfb7 34. cxd5 Rxb2+ 35. Kc3 cxd5 36. Kd4 R7b4+ 37. Ke5 Rxa4 38. Bf1 Rxg2 39. Kf6 Kf8 40. Bxg2 Ra1 41. f4 Rd1 42. Rd6 Ke8 43. Bxd5 Re1 44. Bc6+ Kf8 45. Rd8+ 1-0


[Site "https://www.chess.com"]

[Event "Titled Tuesday Blitz July 4 Early 2023"]
[White "MKlose11"]
[Black "Stribuk, Artiom"]
[BlackFideId "13515659"]
[WhiteElo "2607"]
[BlackElo "2819"]
[Result "1-0"]
[Round "5"]
[TimeControl "180+2"]
[Date "2023.07.04"]
[WhiteClock "0:00:17"]
[BlackClock "0:00:02"]
[Board "42"]

1. e4 c5 2. Nc3 Nc6 3. g3 g6 4. d3 Bg7 5. Bg2 d6 6. Be3 e5 7. Qd2 Nge7 8. Bh6 O-O 9. h4 f6 10. Bxg7 Kxg7 11. f4 Bg4 12. Nf3 Qd7 13. O-O-O Nd4 14. Rdf1 h5 15. Kb1 b5 16. Nd1 b4 17. Ne3 Rh8 18. Nc4 Nec6 19. Rf2 Raf8 20. Rhf1 Be6 21. Ne3 a5 22. f5 Bg8 23. fxg6 Be6 24. Nf5+ Bxf5 25. exf5 Ne7 26. Bh3 a4 27. Ng5 b3 28. c3 bxa2+ 29. Kxa2 Nb3 30. Qe2 Rb8 31. Ne6+ Kg8 32. g4 Qb7 33. Bg2 d5 34. c4 Nd4 35. Nxd4 cxd4 36. cxd5 Qb3+ 37. Ka1 a3 38. bxa3 Ra8 39. Qb2 Qxd3 40. Rf3 Qa6 41. Rb3 hxg4 42. d6 Qxd6 43. Bxa8 Kg7 44. Be4 Rxh4 45. Rb6 Qd8 46. Rb8 Qc7 47. Qb3 g3 48. Rb7 Qd8 49. Qf7+ Kh6 50. Qxe7 Qc8 51. Qb4 Kg5 52. Qd2+ Rf4 53. Rxf4 exf4 54. g7 Qc4 55. Rb8 Kh4 56. g8=Q Qf1+ 1-0


[Site "https://www.chess.com"]

[Event "Titled Tuesday Blitz July 4 Early 2023"]
[White "Pinheiro, Iung Alicio de O."]
[Black "Perez Ponsa, Federico"]
[WhiteFideId "2104350"]
[BlackFideId "117927"]
[WhiteElo "2599"]
[BlackElo "2798"]
[Result "0-1"]
[Round "5"]
[TimeControl "180+2"]
[Date "2023.07.04"]
[WhiteClock "0:00:00"]
[BlackClock "0:00:08"]
[Board "43"]

1. e4 c6 2. Nc3 d5 3. Nf3 dxe4 4. Nxe4 Nf6 5. Qe2 Nxe4 6. Qxe4 Qa5 7. Bc4 Bf5 8. Qf4 e6 9. O-O Nd7 10. c3 Nb6 11. Be2 Nd5 12. Qg3 Be7 13. d4 O-O 14. Bh6 Bg6 15. Bd2 Qc7 16. Qxc7 Nxc7 17. Ne5 Rfd8 18. Be3 Nd5 19. Bc1 Bd6 20. Nc4 Bc7 21. a4 Rd7 22. g3 Rad8 23. Ne3 h6 24. a5 Be4 25. Nc4 b5 26. axb6 axb6 27. Re1 b5 28. Ne3 Nxe3 29. Bxe3 Bd5 30. Bf1 Bd6 31. Ra6 Rb8 32. Rea1 g5 33. Ra8 Rdd8 34. R8a6 Kg7 35. Bg2 Be7 36. Bxd5 cxd5 37. Ra7 Bf8 38. b4 Rdc8 39. Bd2 Kg6 40. g4 Bd6 41. h3 Bf4 42. Be1 f6 43. Kg2 h5 44. Kf3 hxg4+ 45. hxg4 Rh8 46. R1a6 Rh3+ 47. Ke2 Re8 48. Rb7 e5 49. Rbb6 exd4+ 50. Kd1 Rh1 51. Rxf6+ Kh7 52. Rae6 Rxe6 53. Rxe6 d3 0-1


[Site "https://www.chess.com"]

[Event "Titled Tuesday Blitz July 4 Early 2023"]
[White "Bachmann, Axel"]
[Black "Palczert, Matyas"]
[WhiteFideId "3700488"]
[BlackFideId "784958"]
[WhiteElo "2794"]
[BlackElo "2593"]
[Result "0-1"]
[Round "5"]
[TimeControl "180+2"]
[Date "2023.07.04"]
[WhiteClock "0:00:00"]
[BlackClock "0:00:22"]
[Board "44"]

1. e4 c5 2. Nf3 e6 3. d4 cxd4 4. Nxd4 Nc6 5. Nc3 Qc7 6. Be3 a6 7. Be2 b5 8. Nxc6 Qxc6 9. Bf3 Bb7 10. e5 Qc7 11. Bxb7 Qxb7 12. O-O f5 13. exf6 Nxf6 14. Bd4 Be7 15. Re1 O-O 16. Qd3 b4 17. Ne4 Nxe4 18. Rxe4 Qd5 19. Rg4 e5 20. Qg3 Bf6 21. Be3 Qf7 22. Rxb4 d5 23. c3 Rab8 24. Rb3 Rxb3 25. axb3 d4 26. cxd4 exd4 27. Bd2 Qe6 28. Qd3 Rb8 29. b4 Rc8 30. Rxa6 Qc4 31. Qxc4+ Rxc4 32. Kf1 Rc2 33. Ke1 Rxb2 34. Ra3 Kf7 35. Kd1 Rb1+ 36. Kc2 Rg1 0-1


[Site "https://www.chess.com"]

[Event "Titled Tuesday Blitz July 4 Early 2023"]
[White "Gontcharov, Vladislav"]
[Black "Lin, Dachey"]
[WhiteFideId "4123492"]
[BlackFideId "2029650"]
[WhiteElo "2588"]
[BlackElo "2790"]
[Result "0-1"]
[Round "5"]
[TimeControl "180+2"]
[Date "2023.07.04"]
[WhiteClock "0:00:00"]
[BlackClock "0:00:14"]
[Board "45"]

1. d4 g6 2. e4 Bg7 3. Nc3 d5 4. exd5 Nf6 5. Nf3 O-O 6. Be2 Nbd7 7. O-O Nb6 8. h3 Nfxd5 9. Nxd5 Nxd5 10. c3 c6 11. c4 Nf6 12. Be3 a5 13. Qd2 a4 14. Rac1 Qa5 15. Qxa5 Rxa5 16. Rfd1 h6 17. g4 h5 18. g5 Ne8 19. Kg2 Nd6 20. Bf4 Nf5 21. Bc7 Ra8 22. Rd2 Be6 23. d5 cxd5 24. cxd5 Bd7 25. Ne5 Be8 26. f4 Rc8 27. Kf2 f6 28. gxf6 Bxf6 29. Nf3 Kg7 30. Rcc2 a3 31. b3 Bf7 32. Ne5 Bh4+ 33. Kf3 Bg8 34. Bb5 Bf6 35. Rd1 Bxe5 0-1


[Site "https://www.chess.com"]

[Event "Titled Tuesday Blitz July 4 Early 2023"]
[White "Zavgorodniy, Sergiy"]
[Black "Mendonca, Leon Luke"]
[WhiteFideId "14110148"]
[BlackFideId "35028561"]
[WhiteElo "2563"]
[BlackElo "2789"]
[Result "0-1"]
[Round "5"]
[TimeControl "180+2"]
[Date "2023.07.04"]
[WhiteClock "0:00:02"]
[BlackClock "0:00:25"]
[Board "46"]

1. e4 Nf6 2. d3 d5 3. e5 Nfd7 4. f4 c5 5. g3 Nc6 6. Bg2 e6 7. Nf3 Be7 8. O-O O-O 9. c3 b5 10. Kh1 a5 11. d4 b4 12. Be3 Ba6 13. Re1 Rb8 14. Nbd2 bxc3 15. bxc3 cxd4 16. Nxd4 Nxd4 17. Bxd4 Nc5 18. Rb1 Qd7 19. g4 a4 20. Qf3 Rxb1 21. Rxb1 Bd3 22. Re1 Bc2 23. Qe3 Rc8 24. Rc1 Bg6 25. Rf1 a3 26. Nf3 Bd3 27. Rd1 Bc2 28. Rc1 Be4 29. Nd2 Bxg2+ 30. Kxg2 Na4 31. Rf1 h6 32. h4 Bc5 33. f5 Bxd4 34. cxd4 Rc2 35. Rf2 Nb2 36. Qf3 Nc4 37. f6 Rxd2 0-1


[Site "https://www.chess.com"]

[Event "Titled Tuesday Blitz July 4 Early 2023"]
[White "Rodchenkov, Sergey D."]
[Black "Rustemov, Alexander"]
[WhiteFideId "4168712"]
[BlackFideId "4119002"]
[WhiteElo "2547"]
[BlackElo "2786"]
[Result "1-0"]
[Round "5"]
[TimeControl "180+2"]
[Date "2023.07.04"]
[WhiteClock "0:00:06"]
[BlackClock "0:00:00"]
[Board "47"]

1. e4 e6 2. d4 d5 3. Nc3 dxe4 4. Nxe4 Bd7 5. Nf3 Bc6 6. Bd3 Nd7 7. O-O Ngf6 8. Ng3 Be7 9. Qe2 Bxf3 10. Qxf3 c6 11. c3 O-O 12. Rd1 Re8 13. h4 Nd5 14. h5 Bg5 15. c4 Bxc1 16. cxd5 Bxb2 17. Rab1 Bxd4 18. dxc6 bxc6 19. Bxh7+ Kxh7 20. Rxd4 Re7 21. Rb7 f5 22. Qd1 Rc8 23. Rdxd7 Rxd7 24. Rxd7 Qf6 25. Rxa7 c5 26. Rd7 c4 27. Qc2 c3 28. Rd3 Qe5 29. Ne2 Rb8 30. Rxc3 Rb4 31. a3 Re4 32. Ng3 Re1+ 33. Kh2 Kh6 34. Rc4 Qa1 35. Qd2+ Kh7 36. Qg5 Qf6 37. Qxf6 gxf6 38. Rc7+ Kh6 39. Rf7 Kg5 40. h6 Kxh6 41. Rxf6+ Kg5 42. Rf8 f4 43. Nh1 e5 44. f3 Ra1 45. Nf2 Rxa3 46. Ne4+ Kg6 47. Re8 Ra5 48. Re6+ Kg7 49. Rc6 Kf7 50. Rc5 Ra4 51. Rxe5 Kg6 52. Re6+ Kf5 53. Rf6+ Ke5 54. Rg6 Ra2 55. Rg5+ Ke6 56. Rg4 Ke5 57. Rg5+ Ke6 58. Rh5 Rb2 59. Rh4 Ke5 60. Ng5 Kf5 61. Nh3 Ra2 62. Rxf4+ Ke5 63. Rg4 Kf5 64. Rg5+ Kf6 65. Kg3 Ke6 66. f4 Kf6 67. Kg4 Rxg2+ 68. Kf3 Ra2 69. Nf2 Ra3+ 70. Kg4 Ra4 71. Rb5 Rc4 72. Rb6+ Kf7 73. Kg5 Ra4 74. Ng4 Ra1 75. f5 Ra5 76. Rb7+ Kf8 77. Kg6 Ra6+ 78. Nf6 Ra7 79. Rb8+ Ke7 80. Ng4 Kd6 81. f6 Ke6 82. Re8+ Kd6 83. Re2 Ra4 84. Rg2 Ke6 85. f7 Ke7 86. Re2+ 1-0


[Site "https://www.chess.com"]

[Event "Titled Tuesday Blitz July 4 Early 2023"]
[White "Namitbir Singh Walia"]
[Black "Harsh Suresh"]
[WhiteFideId "35071068"]
[BlackFideId "45018464"]
[WhiteElo "2543"]
[BlackElo "2782"]
[Result "0-1"]
[Round "5"]
[TimeControl "180+2"]
[Date "2023.07.04"]
[WhiteClock "0:00:05"]
[BlackClock "0:01:11"]
[Board "48"]

1. e4 g6 2. d4 Nf6 3. e5 Nh5 4. Be2 d6 5. Bxh5 gxh5 6. Qxh5 dxe5 7. Qxe5 Rg8 8. Nf3 Rxg2 9. Bf4 Rg6 10. Qxc7 Re6+ 11. Kd1 Qxc7 12. Bxc7 Rf6 13. Nbd2 Bg4 14. Ke2 Nc6 15. c3 Bh6 16. Rag1 Bh5 17. Rg8+ Kd7 18. Rxa8 Kxc7 19. Rg1 Bxd2 20. Kxd2 Rxf3 21. Ke1 Bg6 22. Rg3 Rf5 23. Re3 e6 24. b4 Rh5 25. h3 a6 26. a4 Ne7 27. Rf3 Nf5 28. Kd2 Nd6 29. Rf8 Rh4 30. Rg3 Ne4+ 31. Ke3 Nxg3 32. fxg3 Rxh3 0-1


[Site "https://www.chess.com"]

[Event "Titled Tuesday Blitz July 4 Early 2023"]
[White "Papayan, Oleg"]
[Black "Cabarkapa, Novak"]
[WhiteFideId "4193911"]
[BlackFideId "943746"]
[WhiteElo "2540"]
[BlackElo "2779"]
[Result "0-1"]
[Round "5"]
[TimeControl "180+2"]
[Date "2023.07.04"]
[WhiteClock "0:00:10"]
[BlackClock "0:00:44"]
[Board "49"]

1. e4 e6 2. d4 d5 3. Nc3 Nf6 4. Bg5 dxe4 5. Nxe4 Be7 6. Nxf6+ Bxf6 7. Bxf6 Qxf6 8. Nf3 O-O 9. Bd3 Nd7 10. Qe2 c5 11. Qe4 g6 12. O-O-O cxd4 13. Qxd4 Qxd4 14. Nxd4 Nc5 15. Nb5 e5 16. Nc7 Rb8 17. Rhe1 Nxd3+ 18. Rxd3 f6 19. Rd6 Kf7 20. Red1 Bf5 21. Nd5 Be6 22. Nc7 Bf5 23. Nd5 Rbc8 24. c3 Be6 25. Kc2 Rfd8 26. Rxd8 Rxd8 27. Ne3 Rc8 28. b3 b5 29. Kb2 f5 30. Rd6 Ke7 31. Ra6 Rd8 32. Rxa7+ Kf6 33. Kc2 f4 34. Nf1 g5 35. f3 g4 36. Nd2 Bf5+ 37. Ne4+ Bxe4+ 38. fxe4 f3 39. gxf3 gxf3 40. Ra6+ Kg5 41. h4+ Kf4 42. Rf6+ Ke3 43. a4 bxa4 44. bxa4 Ke2 45. a5 f2 46. Kb3 f1=Q 47. Rxf1 Kxf1 48. Kb4 Ke2 49. a6 Kd3 50. c4 Rb8+ 51. Kc5 Rc8+ 52. Kd5 Rxc4 53. a7 Ra4 54. Kxe5 Rxa7 55. Kf5 Kd4 56. h5 Ra5+ 57. Kf6 Kxe4 58. h6 Ra7 59. Ke6 Kf4 60. Kf6 Kg4 61. Ke6 Kh5 62. Kf6 Kxh6 63. Kf5 Rg7 64. Kf6 Rg5 65. Kf7 Rg6 66. Kf8 Kg5 67. Kf7 h5 68. Kf8 h4 69. Kf7 h3 70. Kf8 h2 71. Kf7 h1=Q 72. Kf8 Qh7 73. Ke8 Rg8# 0-1


[Site "https://www.chess.com"]

[Event "Titled Tuesday Blitz July 4 Early 2023"]
[White "Fier, Alexandr"]
[Black "Guliev, Logman"]
[WhiteFideId "2107139"]
[BlackFideId "13400061"]
[WhiteElo "2778"]
[BlackElo "2511"]
[Result "1-0"]
[Round "5"]
[TimeControl "180+2"]
[Date "2023.07.04"]
[WhiteClock "0:02:35"]
[BlackClock "0:00:00"]
[Board "50"]

1. d4 Nf6 2. Bg5 e6 3. e4 h6 4. Bxf6 Qxf6 5. c3 d5 6. Nd2 dxe4 7. Nxe4 Qd8 8. Nf3 Be7 9. Bd3 Nd7 10. O-O b6 11. Bc2 Bb7 12. Qd3 Nf6 13. Nxf6+ Bxf6 14. Ba4+ c6 15. Rfe1 O-O 16. Bc2 g6 17. h4 Qd5 18. Ne5 c5 19. Qg3 cxd4 20. Rad1 Bxh4 21. Qh3 Bg5 22. Be4 Qxe5 23. Bxb7 Qb5 24. Bxa8 Rxa8 25. Rxd4 Qxb2 26. Rd7 Qxc3 27. Qxc3 1-0


[Site "https://www.chess.com"]

[Event "Titled Tuesday Blitz July 4 Early 2023"]
[White "Jimenez Jimenez, Leandro"]
[Black "Gunina, Valentina"]
[WhiteFideId "6415253"]
[BlackFideId "4167570"]
[WhiteElo "2472"]
[BlackElo "2749"]
[Result "0-1"]
[Round "5"]
[TimeControl "180+2"]
[Date "2023.07.04"]
[WhiteClock "0:00:09"]
[BlackClock "0:00:22"]
[Board "51"]

1. d4 d5 2. c4 c6 3. cxd5 cxd5 4. Nc3 Nf6 5. Nf3 Nc6 6. Bf4 a6 7. Rc1 Bf5 8. e3 Rc8 9. Be2 e6 10. O-O Bd6 11. Ne5 O-O 12. Nxc6 Rxc6 13. Bxd6 Qxd6 14. Qb3 Qc7 15. f3 Rc8 16. Rcd1 h6 17. Bd3 Bxd3 18. Rxd3 Rb6 19. Qa3 Qc4 20. Rfd1 Qb4 21. Qxb4 Rxb4 22. b3 Rb6 23. Na4 Rbc6 24. Nc5 R8c7 25. Kf2 Nd7 26. Nxd7 Rxd7 27. R1d2 Kf8 28. e4 Ke7 29. e5 Rdc7 30. f4 g6 31. g4 Rc1 32. Rh3 R7c2 33. Ke2 Rxd2+ 34. Kxd2 Ra1 35. a4 Rg1 36. Rg3 Rf1 37. Ke3 Re1+ 38. Kd3 Rd1+ 39. Ke3 Rb1 40. Kd2 Rb2+ 41. Kc3 Rxh2 42. Kb4 Rf2 43. Kc5 Rxf4 44. b4 Kd7 45. Kb6 Rxd4 46. Rb3 Kc8 47. Kc5 Rxg4 48. Kd6 Rc4 49. Ke7 Rc7+ 50. Kf6 b5 51. axb5 axb5 52. Ra3 Kb7 53. Ra5 Kb6 54. Ra8 Rd7 55. Rb8+ Kc6 56. Rc8+ Kb7 57. Rc3 d4 58. Rd3 Kc6 59. Kg7 h5 60. Kf8 Kd5 61. Ke8 Ra7 62. Rd1 Kxe5 63. Rc1 Ke4 64. Re1+ Kd5 65. Rd1 Kc4 66. Kf8 e5 67. Kg7 e4 68. Kf6 e3 69. Ke5 e2 70. Re1 d3 71. Kf4 d2 72. Rh1 e1=Q 73. Kg5 Qe3+ 74. Kh4 Qf4+ 75. Kh3 Ra3+ 76. Kg2 Rg3+ 77. Kh2 Qh4# 0-1


[Site "https://www.chess.com"]

[Event "Titled Tuesday Blitz July 4 Early 2023"]
[White "Atakhan, Abtin"]
[Black "Chor, Kevin"]
[WhiteFideId "22502203"]
[BlackFideId "2090740"]
[WhiteElo "2746"]
[BlackElo "2468"]
[Result "1-0"]
[Round "5"]
[TimeControl "180+2"]
[Date "2023.07.04"]
[WhiteClock "0:01:45"]
[BlackClock "0:00:04"]
[Board "52"]

1. Nf3 c5 2. c4 Nc6 3. Nc3 g6 4. e3 Bg7 5. d4 Nf6 6. d5 Nb8 7. e4 O-O 8. h3 d6 9. Bd3 e6 10. O-O exd5 11. exd5 Re8 12. Bf4 a6 13. a4 Qb6 14. a5 Qc7 15. Re1 Bd7 16. Ng5 Nh5 17. Bh2 Be5 18. Qf3 Rf8 19. Nxh7 Bxh2+ 20. Kxh2 f5 21. Nxf8 1-0


[Site "https://www.chess.com"]

[Event "Titled Tuesday Blitz July 4 Early 2023"]
[White "Samunenkov, Ihor"]
[Black "Marn, Jan"]
[WhiteFideId "14187086"]
[BlackFideId "14619245"]
[WhiteElo "2735"]
[BlackElo "2461"]
[Result "1-0"]
[Round "5"]
[TimeControl "180+2"]
[Date "2023.07.04"]
[WhiteClock "0:00:52"]
[BlackClock "0:00:48"]
[Board "53"]

1. d4 d5 2. Nc3 Nf6 3. Bf4 e6 4. Nb5 Na6 5. e3 Be7 6. g4 c6 7. Nc3 Nc7 8. Nf3 b6 9. g5 Nd7 10. h4 Bb7 11. Qd2 a5 12. h5 h6 13. gxh6 gxh6 14. O-O-O a4 15. a3 b5 16. Na2 Na6 17. c3 Qb6 18. Ne5 Nxe5 19. Bxe5 f6 20. Bg3 c5 21. dxc5 Nxc5 22. Qc2 O-O 23. Qg6+ 1-0


[Site "https://www.chess.com"]

[Event "Titled Tuesday Blitz July 4 Early 2023"]
[White "Postny, Evgeny"]
[Black "Kopczynski, Michal"]
[WhiteFideId "2804344"]
[BlackFideId "1124200"]
[WhiteElo "2732"]
[BlackElo "2457"]
[Result "1-0"]
[Round "5"]
[TimeControl "180+2"]
[Date "2023.07.04"]
[WhiteClock "0:00:09"]
[BlackClock "0:00:11"]
[Board "54"]

1. e4 c5 2. Nf3 d6 3. d4 cxd4 4. Nxd4 Nf6 5. Nc3 g6 6. Be3 Bg7 7. f3 O-O 8. Qd2 Nc6 9. O-O-O d5 10. Qe1 e6 11. h4 h5 12. g4 hxg4 13. h5 gxh5 14. Nxc6 bxc6 15. e5 Nd7 16. f4 f5 17. exf6 Nxf6 18. Bd3 a5 19. Bg6 Rb8 20. Bd4 Bd7 21. Qh4 Be8 22. Bd3 Nd7 23. Qe1 Bxd4 24. Qxe6+ Rf7 25. Rxh5 Qf6 26. Rg5+ Kf8 27. Qxg4 Qxf4+ 28. Qxf4 Rxf4 29. Rh1 Nc5 30. Bh7 Rh4 31. Rf5+ Ke7 32. Rxh4 Be3+ 33. Kb1 d4 34. Nd1 Bd7 35. Rxc5 Kd6 36. Rxa5 Bd2 37. Rxd4+ Kc7 38. Rxd2 Rh8 39. Ra7+ Kb6 40. Raxd7 1-0


[Site "https://www.chess.com"]

[Event "Titled Tuesday Blitz July 4 Early 2023"]
[White "Wagner, Dennis"]
[Black "Bueno, Alfeu Junior Varela"]
[WhiteFideId "24650684"]
[BlackFideId "2108879"]
[WhiteElo "2731"]
[BlackElo "2445"]
[Result "1-0"]
[Round "5"]
[TimeControl "180+2"]
[Date "2023.07.04"]
[WhiteClock "0:00:27"]
[BlackClock "0:00:03"]
[Board "55"]

1. e4 e6 2. d4 d5 3. e5 c5 4. c3 Nc6 5. Nf3 Bd7 6. Be2 Nge7 7. O-O Nf5 8. dxc5 Bxc5 9. b4 Bb6 10. a4 O-O 11. a5 Bc7 12. Bd3 Nxe5 13. Nxe5 Bxe5 14. Bxf5 exf5 15. Qxd5 Qc7 16. h3 Bc6 17. Qc5 b6 18. Qe3 Rfe8 19. Qg5 Be4 20. axb6 axb6 21. Rxa8 Rxa8 22. Be3 Bxb1 23. Rxb1 Qxc3 24. Qxf5 Ra1 25. g4 Qxb4 26. Rxa1 Bxa1 27. Bxb6 g6 28. Qc8+ Kg7 29. Qc6 Bd4 30. Bxd4+ Qxd4 31. Kg2 Qf4 32. Qd5 Qf6 33. g5 Qc3 34. h4 Qb2 35. Kg3 Qc3+ 36. Kf4 Qa1 37. Qe5+ Qxe5+ 38. Kxe5 h6 39. Kd6 hxg5 40. hxg5 f6 41. f4 fxg5 42. fxg5 Kf7 43. Kd7 Kf8 44. Ke6 Ke8 45. Kf6 Kf8 46. Kxg6 Kg8 47. Kh6 Kh8 48. g6 Kg8 49. g7 1-0


[Site "https://www.chess.com"]

[Event "Titled Tuesday Blitz July 4 Early 2023"]
[White "Kourkoulos-Arditis, Stamatis"]
[Black "Zia, Tahsin Tajwar"]
[WhiteFideId "4221990"]
[BlackFideId "10211888"]
[WhiteElo "2727"]
[BlackElo "2423"]
[Result "1-0"]
[Round "5"]
[TimeControl "180+2"]
[Date "2023.07.04"]
[WhiteClock "0:00:09"]
[BlackClock "0:00:01"]
[Board "56"]

1. c4 Nf6 2. g3 e6 3. Bg2 d5 4. Nf3 dxc4 5. Qa4+ Bd7 6. Qxc4 c5 7. Ne5 Qc8 8. Qd3 Nc6 9. Nxd7 Nxd7 10. Nc3 Be7 11. O-O O-O 12. b3 Nf6 13. Bb2 Rd8 14. Qc2 Qd7 15. d3 Rac8 16. Rac1 b6 17. Rfd1 Nd4 18. Qb1 h5 19. e3 Nc6 20. Ne2 h4 21. d4 cxd4 22. Nxd4 Nxd4 23. Rxd4 Rxc1+ 24. Qxc1 Qc8 25. Rxd8+ Qxd8 26. gxh4 Nh5 27. Qc4 Qd1+ 28. Bf1 Bf6 29. Ba3 Be5 30. Kg2 Nf6 31. Be2 Qd2 32. Bd3 g6 33. Bxg6 Qd5+ 34. Qxd5 Nxd5 35. Bd3 Nc3 36. Bb2 Kg7 37. a3 Bf6 38. h5 Kh6 39. f4 Kxh5 40. Kf3 Nd5 41. Bc1 Bc3 42. b4 a5 43. b5 Nc7 44. a4 f5 45. Ba3 Nd5 46. Bd6 Bb4 47. Be5 Bc5 48. e4 fxe4+ 49. Bxe4 Nb4 50. f5 exf5 51. Bxf5 Kg5 52. Be4 Kh5 53. Bg3 Na2 54. Bc2 Nc3 55. Bb3 Nb1 56. Ke2 Nc3+ 57. Kd3 Nb1 58. Kc2 Na3+ 59. Kd3 Kg4 60. Ke4 Nb1 61. Kd5 Nc3+ 62. Kc6 Ne4 63. Bc7 Nd2 64. Be6+ Kg5 65. Bxb6 Bb4 66. Bd5 Nb1 67. Be3+ Kf5 68. b6 Nc3 69. b7 Nxd5 70. Kxd5 Bd6 71. Kxd6 1-0


[Site "https://www.chess.com"]